 Dungeon Crawl Stone Soup version 0.27-a0-1220-g54dba09ff7 (webtiles) character file.

Game seed: 16404383761850614285

132 Delamore the Skirmisher (level 5, -5/43 HPs)
             Began as a Formicid Fighter on June 7, 2021.
             Was an Initiate of Gozag.
             Slain by Menkaure (16 damage)
             ... on level 4 of the Dungeon.
             The game lasted 00:02:59 (4352 turns).

Delamore the Skirmisher (Formicid Fighter)          Turns: 4352, Time: 00:02:59

Health: -5/43      AC:  9    Str: 22    XL:     5   Next: 38%
Magic:  14/14      EV:  8    Int:  7    God:    Gozag
Gold:   123        SH:  9    Dex: 10    Spells: 4/4 levels left

rFire    . . .     SeeInvis +   a - +0 trident
rCold    . . .     Faith    .   c - +0 kite shield
rNeg     . . .     Spirit   .   b - +0 scale mail
rPois    .         Reflect  .   (helmet unavailable)
rElec    .         Harm     .   f - +0 cloak
rCorr    .         Rampage  .   e - +0 pair of gloves
Will     .....                  (no boots)
Stlth    ..........             (no amulet)
HPRegen  0.14/turn              g - ring of magical power
MPRegen  0.14/turn              (no ring)

@: no status effects
A: permanent stasis, dig shafts and tunnels, antennae 3, four strong arms
a: Dig, Shaft Self, Renounce Religion, Potion Petition, Call Merchant, Bribe
Branch


You were on level 4 of the Dungeon.
You worshipped Gozag.
Gozag was aware of your devotion.
You visited 2 branches of the dungeon, and saw 5 of its levels.

You collected 199 gold pieces.
You paid 76 gold pieces to Gozag.

Inventory:

Hand Weapons
 a - a +0 trident (weapon)
Armour
 b - a +0 scale mail (worn)
 c - a +0 kite shield (worn)
 e - a +0 pair of gloves (worn)
 f - a +0 cloak (worn)
Jewellery
 g - a ring of magical power (left hand)
 h - a ring of willpower
Scrolls
 i - a scroll of fear {unknown}
 j - a scroll of enchant weapon {unknown}
 k - a scroll of torment {unknown}
 n - a scroll of acquirement {unknown}
 p - a scroll of teleportation {unknown}
Potions
 d - 2 potions of might
 l - a potion of curing
 o - a potion of berserk rage


   Skills:
 + Level 4.4 Fighting
 * Level 4.4 Polearms
 - Level 3.2 Armour
 - Level 3.6 Shields


You had 4 spell levels left.
You didn't know any spells.
Your spell library contained the following spells:

 Spells                   Type           Power      Damage    Failure   Level
 Cause Fear               Hex            0%         N/A       100%        4
 Silence                  Hex/Air        0%         N/A       100%        5
 Yara's Violent Unravell  Hex/Tmut       0%         3d3       100%        5
 Discord                  Hex            0%         N/A       100%        8


Dungeon Overview and Level Annotations

Branches:
Dungeon (4/15)             Temple (1/1) D:4

Altars:
Ashenzari
Cheibriados
Dithmenos
Elyvilon
Fedhas
Gozag
Hepliaklqana
Kikubaaqudgha
Makhleb
Nemelex Xobeh
Okawaru
Qazlal
Ru
Sif Muna
Trog
Uskayaw
Vehumet
Wu Jian
Yredelemnul
Zin
The Shining One

Shops:
D:4 [

Annotations:
D:4 Menkaure


Innate Abilities, Weirdness & Mutations

You cannot be hasted, slowed, berserked, paralysed or teleported.
You can dig through walls and to a lower floor.
You have a pair of large antennae on your head. (SInv)
Your four strong arms can wield two-handed weapons with a shield.


Message History

Menkaure is moderately damaged.
Menkaure points at you and mumbles some strange words.
You struggle to resist.
You barely miss Menkaure.
Menkaure is moderately damaged.
Menkaure hits you.
You closely miss Menkaure.
Menkaure is moderately damaged.
Menkaure hits you but does no damage.
Your shield and scale mail prevent you from hitting Menkaure.
Menkaure is moderately damaged.
Menkaure calls on the powers of darkness!
Your body is wracked with pain!
You are too injured to fight recklessly!
You are too injured to fight recklessly!
You are too injured to fight recklessly!
You are too injured to fight recklessly!
You hit Menkaure but do no damage.
Menkaure is moderately damaged.
Menkaure hits you but does no damage.
You hit Menkaure.
Menkaure is heavily damaged.
Menkaure hits you!
* * * LOW HITPOINT WARNING * * *
You feel much better. You block Menkaure's attack.
You hit Menkaure.
Menkaure is severely damaged.
Menkaure gestures wildly while chanting.
Menkaure seems to speed up.
You completely miss Menkaure.
Menkaure is severely damaged.
Menkaure hits you!
You hit Menkaure.
Menkaure is severely damaged.
Menkaure calls on the powers of darkness!
Your body is wracked with pain!
* * * LOW HITPOINT WARNING * * *
Menkaure hits you!
You die...
Your body crumbles into a pile of gold.

#..!.....
#.................
#.................
#.................
#................. $ $
#######................#
.........#####.......#
.........#...#...M...#
.........'...#..@....#
.........#...+.......#
.........#...#.......#
.........###.#.......#
##+####....#.###....##
#.....#........#....#
'.....#........+....#
#.....#.<..#...#....#
###...#....#...#....#


You could see Menkaure (fast).

Vanquished Creatures
  Robin (D:3)
  2 adders (D:2)
  5 worms
  A dart slug (D:3)
  An orc (D:3)
  4 endoplasms
  2 giant cockroaches
  16 goblins
  9 hobgoblins
  4 jackals
  7 kobolds
  A quokka (D:2)
  7 ball pythons
  6 bats
  5 frilled lizards
  7 rats
78 creatures vanquished.

Notes
Turn   | Place    | Note
-------+----------+-------------------------------------------
     0 | D:1      | Delamore the Formicid Fighter began the quest for the Orb.
     0 | D:1      | Reached XP level 1. HP: 18/18 MP: 1/1
   250 | D:1      | Reached XP level 2. HP: 24/24 MP: 2/2
   531 | D:1      | Reached XP level 3. HP: 27/29 MP: 3/3
  1920 | D:2      | Reached XP level 4. HP: 37/37 MP: 4/4
  2739 | D:2      | Found a faded altar of an unknown god.
  2781 | D:2      | Became a worshipper of Yredelemnul the Dark
  2781 | D:2      | Reached * piety under Yredelemnul
  3226 | D:3      | Noticed Robin
  3275 | D:3      | Reached XP level 5. HP: 36/42 MP: 5/5
  3457 | D:3      | Killed Robin
  3601 | D:3      | Reached ** piety under Yredelemnul
  4085 | D:4      | Found a staircase to the Ecumenical Temple.
  4108 | D:4      | Found Imnute Tirph's Armour Emporium.
  4248 | Temple   | Entered the Ecumenical Temple
  4310 | Temple   | Fell from the grace of Yredelemnul
  4310 | Temple   | Became a worshipper of Gozag Ym Sagoz the Greedy
  4339 | D:4      | Noticed Menkaure
  4352 | D:4      | Slain by Menkaure

Illustrated notes

Levels and vault maps discovered:
D:1:      lemuel_arrival_room, layout_basic
D:2:      minmay_door_path, layout_basic, basic_ecumenical_altar,
          grunt_ministairs_5, amcnicky_mini_pool_small
D:3:      layout_basic, kennysheep_path_1, kennysheep_generic_room_9, uniq_robin
D:4:      minmay_opposing_rooms, layout_gridville, minmay_temple_entry_arrows,
          serial_shops, shop_statue, gammafunk_ghost_cemetery,
          nrook_mini_backslash, uniq_menkaure
Temple:   dpeg_three_leaves_temple

Skill      XL: |  1  2  3  4 |
---------------+-------------+-----
Polearms       | 3 4 |  4.4
Fighting       | 4 |  4.4
Armour         | |  3.2
Shields        | |  3.6

Action                   |  1- 3 |  4- 6 || total
-------------------------+-------+-------++-------
Melee: Trident           |   117 |   138 ||   255
 Abil: Dig               |       |     3 ||     3
  Use: Scroll            |       |     3 ||     3
       Potion            |       |     1 ||     1
Armor: Scale mail        |    31 |    55 ||    86
Dodge: Dodged            |    21 |    39 ||    60
Block: Kite shield       |    43 |    72 ||   115

Table legend: (Time is in decaauts)
 A = Elapsed time spent in this place.
 B = Non-inter-level travel time spent in this place.
 C = Inter-level travel time spent in this place.
 D = Time resting spent in this place.
 E = Time spent auto-exploring this place.
 F = Levels seen in this place.
 G = Mean time per level.
                   A        B        C        D        E       F      G
               +--------+--------+--------+--------+--------+-----+--------+
         Total |   4431 |   4241 |    190 |    182 |   3469 |   5 |  886.2 |
       Dungeon |   4356 |   4177 |    179 |    182 |   3415 |   4 | 1089.0 |
        Temple |     74 |     63 |     11 |      0 |     54 |   1 |   74.0 |
               +--------+--------+--------+--------+--------+-----+--------+

Top non-repeatable levels by time:
     D:2: 1931 daAuts
     D:1: 1199 daAuts
     D:3: 942 daAuts
     D:4: 283 daAuts
  Temple: 74 daAuts
